 Dungeon Crawl Stone Soup version 0.26-a0-52-gd53d4cd (webtiles) character file.

Game seed: 4739421501619584241

980 Cheivey the Ruffian (level 7, -6/68 HPs)
             Began as a Troll Monk on June 6, 2020.
             Was a Believer of Ashenzari.
             Splashed by a gnoll's acid (13 damage)
             ... on level 6 of the Dungeon.
             The game lasted 00:10:07 (4003 turns).

Cheivey the Ruffian (Troll Monk)                    Turns: 4003, Time: 00:10:07

Health: -6/68      AC:  3    Str: 20    XL:     7   Next: 96%
Magic:  6/6        EV: 12    Int:  8    God:    Ashenzari [**....]
Gold:   199        SH:  0    Dex: 14    Spells: 6/6 levels left

rFire    + . .     SeeInvis .     - Unarmed
rCold    . . .     Gourm    +   (no shield)
rNeg     + . .     Faith    .   a - +0 robe
rPois    .         Spirit   .   (helmet restricted)
rElec    .         Reflect  .   n - +0 cloak of Submission {rF+ Int+2} (curse)
rCorr    .         Harm     .   (gloves unavailable)
MR       .....                  (boots unavailable)
Stlth    ++........             o - amulet of regeneration (curse)
HPRegen  1.01/turn              c - ring of positive energy (curse)
MPRegen  0.10/turn              (no ring)

@: mighty, corroded
A: large, unfitting armour, claws 3, fast metabolism 3, gourmand, regeneration
1, shaggy fur 1, tough skin 3
a: Curse Item, Scrying, Renounce Religion


You were on level 6 of the Dungeon.
You worshipped Ashenzari.
Ashenzari was pleased with you.
You were full.

You visited 2 branches of the dungeon, and saw 7 of its levels.

You collected 199 gold pieces.

Inventory:

Armour
 a - a +0 robe (worn)
 n - the cursed +0 cloak of Submission (worn) {rF+ Int+2}
   (You found it on level 5 of the Dungeon)

   It affects your intelligence (+2).
   It protects you from fire.
   It has a curse placed upon it.
Jewellery
 c - a cursed ring of positive energy (left claw)
 l - an uncursed amulet of magic regeneration
 m - an uncursed ring of protection from fire
 o - a cursed amulet of regeneration (around neck)
Wands
 d - a wand of enslavement (6)
 g - a wand of digging (4)
Scrolls
 e - 4 scrolls of enchant weapon
 h - a scroll of remove curse
 q - a scroll of fog
Comestibles
 b - 7 rations


   Skills:
 * Level 3.8 Fighting
 * Level 3.0 Armour
 + Level 4.2 Dodging
 - Level 1.0 Stealth
 + Level 6.8 Unarmed Combat


You had 6 spell levels left.
You didn't know any spells.
Your spell library contained the following spells:

 Spells                   Type           Power        Failure   Level  Hunger
 Animate Skeleton         Necr           N/A          38%         1    ##.....
 Apportation              Tloc           #.....       38%         1    ##.....
 Corona                   Hex            #......      38%         1    ##.....
 Freeze                   Ice            #...         38%         1    ##.....
 Summon Small Mammal      Summ           #...         38%         1    ##.....
 Frozen Ramparts          Ice            #.....       77%         3    ####...
 Ozocubu's Armour         Chrm/Ice       #.......     77%         3    ####...
 Hailstorm                Conj/Ice       #.......     99%         4    #####..
 Summon Ice Beast         Ice/Summ       #.......     99%         4    #####..


Dungeon Overview and Level Annotations

Branches:
Dungeon (6/15)             Temple (1/1) D:5

Altars:
Ashenzari
Elyvilon
Fedhas
Gozag
Hepliaklqana
Kikubaaqudgha
Makhleb
Nemelex Xobeh
Okawaru
Qazlal
Sif Muna
Trog
Uskayaw
Vehumet
Zin
The Shining One

Shops:
D:5 %


Innate Abilities, Weirdness & Mutations

You are too large for most types of armour.
You have claws for hands.
Your metabolism is lightning-fast.
You like to eat raw meat.
Your natural rate of healing is unusually fast.
You are covered in fur. (AC +1)
You have extremely tough skin. (AC +3)


Message History

The gnoll hits you but does no damage. The gnoll completely misses you.
The gnoll barely misses you.
Things that are here:
a +0 halberd; a potion of heal wounds; a scroll labeled GOYRARGHAIL You barely miss the gnoll.
The gnoll hits you but does no damage.
You mangle the gnoll!!
You kill the gnoll!
The gnoll zaps a wand.
The bolt of acid hits you. The acid corrodes you!
You are splashed with acid!
* * * LOW HITPOINT WARNING * * *
Things that are here:
a +0 club; 17 gold pieces; a gnoll corpse The gnoll hits you from afar with a +0 halberd.
* * * LOW HITPOINT WARNING * * *
Things that are here:
a +0 halberd; a potion of heal wounds; a scroll labeled GOYRARGHAIL The gnoll zaps a wand.
The bolt of acid hits you!
* * * LOW HITPOINT WARNING * * *
You are splashed with acid!
You die...

*....... * * * ......., ####
....... ,... , * ###....... ..
, ### .........##.# , .....
#...........#** * *
.....##.........)####* , ,
.<........####.))...# *
..........######@##...# *
..........##...)g# *#..# ,* ,
.............##### ..
.............######### ...
..........#..........#.... *
..........#.............#.###.*
..............................,
####........#....####.#.#...#*
, #..........###.###..#.#..# *


You could see a gnoll.

Vanquished Creatures
  A black bear (D:6)
  A phantom (D:4)
  An ogre (D:6)
  A centaur (D:5)
  A big kobold (D:3)
  A gnoll sergeant (D:6)
  A scorpion (D:4)
  3 crimson imps
  A howler monkey (D:4)
  2 hounds
  A bullfrog skeleton (D:6)
  An orc priest (D:4)
  An iguana (D:4)
  A worker ant (D:4)
  A howler monkey zombie (D:5)
  3 gnolls (D:6)
  3 adders (D:2)
  A shadow imp (D:5)
  An ooze (D:2)
  An adder zombie (D:6)
  4 worms
  A dart slug (D:4)
  A leopard gecko (D:4)
  5 orcs (D:4)
  2 giant cockroaches (D:2)
  10 goblins
  4 hobgoblins
  10 jackals
  A quokka (D:2)
  4 bats
  7 frilled lizards
  4 kobolds
  3 rats
83 creatures vanquished.

Notes
Turn   | Place    | Note
-------+----------+-------------------------------------------
     0 | D:1      | Cheivey the Troll Monk began the quest for the Orb.
     0 | D:1      | Reached XP level 1. HP: 22/22 MP: 0/0
   396 | D:1      | Reached XP level 2. HP: 29/29 MP: 1/1
   590 | D:2      | Reached XP level 3. HP: 12/36 MP: 2/2
   818 | D:2      | Reached skill level 1 in Armour
   884 | D:2      | Reached XP level 4. HP: 44/44 MP: 3/3
  1082 | D:3      | Noticed a big kobold
  1091 | D:3      | Killed a big kobold
  1091 | D:3      | Reached skill level 4 in Unarmed Combat
  1091 | D:3      | Reached XP level 5. HP: 51/52 MP: 4/4
  1989 | D:4      | Noticed a phantom
  2019 | D:4      | Killed a phantom
  2019 | D:4      | Reached XP level 6. HP: 50/61 MP: 5/5
  2056 | D:4      | Reached skill level 5 in Unarmed Combat
  2129 | D:4      | Found a blossoming altar of Fedhas.
  2576 | D:5      | Entered Level 5 of the Dungeon
  2594 | D:5      | Reached XP level 7. HP: 42/67 MP: 6/6
  2619 | D:5      | Found Banasen's Food Emporium.
  2686 | D:5      | Found a staircase to the Ecumenical Temple.
  2714 | Temple   | Entered the Ecumenical Temple
  2741 | Temple   | Became a worshipper of Ashenzari the Shackled
  2741 | Temple   | Reached * piety under Ashenzari
  2741 | Temple   | Reached ** piety under Ashenzari
  3659 | D:5      | Got the cursed cloak of Submission {rF+ Int+2}
  3665 | D:5      | Identified the cursed +0 cloak of Submission {rF+ Int+2}
                  | (You found it on level 5 of the Dungeon)
  3713 | D:6      | Reached skill level 6 in Unarmed Combat
  4003 | D:6      | Splashed by a gnoll's acid

Illustrated notes

Levels and vault maps discovered:
D:1:      saegor_arrival_miasma, layout_rooms
D:2:      layout_basic, serial_bayou_pond_d
D:3:      layout_loops_corners
D:4:      layout_basic, first_ration, fedhas_altar_3
D:5:      layout_basic, minmay_temple_entry_offerings, serial_shops, shop_statue
D:6:      layout_rooms
Temple:   minmay_freezing_vapour_temple

Skill      XL: |  1  2  3  4  5  6  7 |
---------------+----------------------+-----
Armour         | 1 2 3 |  3.0
Dodging        | 3 4 |  4.2
Unarmed Combat | 4 5 6 |  6.8
Fighting       | 3 |  3.8
Stealth        | |  1.0

Action                   |  1- 3 |  4- 6 |  7- 9 || total
-------------------------+-------+-------+-------++-------
Melee: Unarmed           |   120 |   115 |    82 ||   317
       Punch             |       |     2 |     3 ||     5
Invok: Curse Item        |       |       |     2 ||     2
  Use: Scroll            |     7 |     4 |     4 ||    15
       Potion            |     1 |     5 |     5 ||    11
 Stab: Sleeping          |     3 |     1 |       ||     4
  Eat: Chunk             |    14 |    15 |     6 ||    35
       Ration            |       |       |     1 ||     1
Armor: Robe              |    46 |    29 |    46 ||   121
Dodge: Dodged            |    73 |    55 |    72 ||   200

Table legend:
 A = Non-vault XP
 B = Vault XP
 C = Vault XP percentage of total XP
 D = Non-vault monster count
 E = Vault monster count
 F = Vault count percentage of total count
                 A         B        C        D         E       F
            +---------+---------+-------+---------+---------+-------
      Total |    1400 |       0 |   0.0 |      83 |       0 |   0.0
            +---------+---------+-------+---------+---------+-------
        D:1 |      12 |       0 |   0.0 |       9 |       0 |   0.0
        D:2 |      93 |       0 |   0.0 |      25 |       0 |   0.0
        D:3 |     119 |       0 |   0.0 |      13 |       0 |   0.0
        D:4 |     419 |       0 |   0.0 |      16 |       0 |   0.0
        D:5 |     234 |       0 |   0.0 |       6 |       0 |   0.0
        D:6 |     523 |       0 |   0.0 |      14 |       0 |   0.0
            +---------+---------+-------+---------+---------+-------
